 Dungeon Crawl Stone Soup version 0.30-a0-718-geaa24f58ff (webtiles) character file.

Game seed: 10817556743805796980

51 BigDaddyOpFi the Conjurer (level 3, -1/21 HPs)
             Began as an Octopode Conjurer on Jan 25, 2023.
             Slain by a goblin
             ... wielding a +0 dagger
             ... led by Robin
              (4 damage)
             ... on level 3 of the Dungeon.
             The game lasted 00:02:35 (1410 turns).

BigDaddyOpFi the Conjurer (Octopode Conjurer)       Turns: 1410, Time: 00:02:35

Health: -1/21      AC:  1    Str:  6    XL:     3   Next: 83%
Magic:  4/6        EV: 13    Int: 22    God:
Gold:   29         SH:  0    Dex: 10    Spells: 4/7 levels left

rFire   . . .      SeeInvis .    d - +0 short sword
rCold   . . .      Faith    .    (no shield)
rNeg    . . .      Spirit   .    (helmet restricted)
rPois   .          Reflect  .    (no amulet)
rElec   .          Harm     .    (no ring)
rCorr   .          Rampage  .    (no ring)
Will    .....                    (no ring)
Stlth   +++                      (no ring)
HPRegen 0.23/turn                (no ring)
MPRegen 0.10/turn                (no ring)
                                 (no ring)
                                 (no ring)

@: no status effects
A: almost no armour, amphibious, 8 rings, camouflage 1, gelatinous body 1,
(nimble swimmer 1), tentacles
a: no special abilities


You were on level 3 of the Dungeon.
You visited 1 branch of the dungeon, and saw 3 of its levels.

You collected 29 gold pieces.

Inventory:

Hand Weapons
 d - a +0 short sword (weapon)
Scrolls
 b - a scroll of magic mapping
 c - a scroll of enchant armour {unknown}
 f - a scroll of noise {unknown}
 g - a scroll of vulnerability {unknown}
 k - 3 scrolls of teleportation {unknown}
Potions
 e - a potion of heal wounds
 h - 2 potions of might {unknown}
 i - a potion of curing {unknown}
 j - a potion of mutation {unknown}


   Skills:
 - Level 2.4 Dodging
 + Level 3.7 Stealth
 + Level 2.6 Spellcasting
 + Level 4.3 Conjurations


You had 4 spell levels left.
You knew the following spells:

 Your Spells              Type           Power      Damage    Failure   Level
a - Magic Dart            Conj           88%        1d7       2%          1
b - Searing Ray           Conj           44%        2d6       3%          2

Your spell library contained the following spells:

 Spells                   Type           Power      Damage    Failure   Level
 Dazzling Flash           Conj/Hex       24%        N/A       16%         3
 Fulminant Prism          Conj/Hex       6%         3d7       45%         4
 Iskenderun's Mystic Bla  Conj/Tloc      12%        2d5       45%         4


Dungeon Overview and Level Annotations

Branches:
Dungeon (3/15)

Altars:

Annotations:
D:3 Robin


Innate Abilities, Weirdness & Mutations

You cannot wear most types of armour.
You are amphibious.
You can wear up to eight rings at the same time.
Your skin changes colour to match your surroundings (Stealth+).
Your rubbery body absorbs attacks. (AC +1, EV +1)
((You are camouflaged when in or above water. (Stealth+)))
You have tentacles for arms and can constrict up to eight enemies at once.


Message History

The hobgoblin shouts!
The jackal barks!
The goblin shouts!
The jackal barks!
Found 6 stones and a short sword.
There is a stone staircase leading up here.
Okay, then.
It was a potion of heal wounds.
You feel much better.
The goblin shouts!
The jackal barely misses you. x2; The goblin misses you.
The hobgoblin hits you.
Robin shouts!
Casting: Magic Dart (safe; 2% risk of failure)
Confirm with . or Enter, or press ? or * to list all spells.
You don't have enough magic to cast this spell.
Casting: Magic Dart (safe; 2% risk of failure)
Confirm with . or Enter, or press ? or * to list all spells.
Okay, then.
Okay, then.
Magic courses through your body. The jackal completely misses you.
The jackal bites you. The jackal closely misses you. The jackal bites you. x2
The goblin hits you with a +0 club. Robin throws the goblin at you!
Casting: Magic Dart (safe; 2% risk of failure)
Confirm with . or Enter, or press ? or * to list all spells.
Aiming: Searing Ray (safe; 3% risk of failure)
Press: ? - help, Shift-Dir - straight line, f - hobgoblin
Aim: a hobgoblin (78% to hit)
The searing ray hits the goblin.
You kill the goblin!
The searing ray misses the goblin.
The searing ray hits the hobgoblin.
The hobgoblin is moderately wounded. (Press . to maintain the ray.)
The jackal closely misses you. x2; The jackal bites you.
The jackal closely misses you. The goblin closely misses you.
The goblin hits you with a +0 dagger. The hobgoblin hits you.
* * * LOW HITPOINT WARNING * * *
The goblin hits you with a +0 dagger.
* * * LOW HITPOINT WARNING * * *
As you read the scroll labelled ZOPPEOCROS, it crumbles to dust.
You feel aware of your surroundings.
You sensed 2 altars.
It was a scroll of magic mapping.
The jackal bites you.
* * * LOW HITPOINT WARNING * * *
The goblin hits you with a +0 dagger.
You die...

,,,*,*,,,,*,* *,,,,,,,,**,**,_,*
*,,*,,,,*,*,* *,,,,,*******,****
*,,****,*,,,* *,,,,,* *,,*** **
*,,**,,,*###############*,,,** *,
,,,,,,,,,...............,,,,,* *,
*,,,,,,,,...............,,,,,* *,
*,,,,,,,,.....g.h....#,*,,,,,* *,
*,,,,,,,,....ggghh...#,*,,,,,* *,
,,,,,,,,,....ggg@hh#**,***,,,* *,
*,,,,,,,,.....gggg.#,*_*,*,,,* *,
*,,,,,,,,..........#******,,,* **
*,,,,,,,,............*,*,,,,,* **
,,,,,,,,,.(..........#**,,,,,* *,
*,,,,,,,,..............,,,,,,* *,
*,,,,,,,,...............,,,,,* *,
*,,,,,,,,......)........,,,,,***,
*,,,,,,,,,,,,,,,,,,,,,,,,,,,,,,,,


You could see Robin, 5 jackals, 2 hobgoblins and 8 goblins.

Vanquished Creatures
  A gnoll (D:2)
  A dart slug (D:1)
  2 ball pythons (D:1)
  4 bats (D:1)
  3 endoplasms
  A giant cockroach (D:1)
  3 goblins
  6 hobgoblins
  3 jackals (D:1)
  3 kobolds (D:1)
  2 quokkas
  2 frilled lizards
  4 rats
35 creatures vanquished.

Notes
Turn   | Place    | Note
-------+----------+-------------------------------------------
     0 | D:1      | BigDaddyOpFi the Octopode Conjurer began the quest for the
                  | Orb.
     0 | D:1      | Reached XP level 1. HP: 11/11 MP: 3/3
    95 | D:1      | Reached XP level 2. HP: 17/17 MP: 0/5
   565 | D:1      | Reached XP level 3. HP: 17/21 MP: 6/6
   683 | D:1      | Learned a level 2 spell: Searing Ray
  1200 | D:2      | Found a faded altar of an unknown god.
  1406 | D:3      | Noticed Robin
  1410 | D:3      | Slain by a goblin

Illustrated notes

Levels and vault maps discovered:
D:1:      onia_arrival_mini_spirals, layout_loops_ring
D:2:      layout_rooms, hellmonk_ecumenical_altar_zigzags
D:3:      layout_basic, makhleb_altar_promises_db, zin_academy,
          hex_intersection, minmay_quantized, uniq_grinder, uniq_robin

Skill      XL: |  1 |
---------------+----+-----
Stealth        | 3 |  3.7
Dodging        | |  2.4
Spellcasting   | |  2.6
Conjurations   | |  4.3

Action                     || total
---------------------------++-------
  Melee: Unarmed           ||     7
         Tentacles         ||     2
         Short sword       ||     6
         Constrict         ||     4
  Throw: Stone             ||     4
   Cast: Magic Dart        ||    60
         Searing Ray       ||     1
    Use: Potion            ||     2
         Scroll            ||     1
 Armour: Skin              ||     5
  Dodge: Dodged            ||    20

Table legend: (Time is in decaauts)
 A = Elapsed time spent in this place.
 B = Non-inter-level travel time spent in this place.
 C = Inter-level travel time spent in this place.
 D = Time resting spent in this place.
 E = Time spent auto-exploring this place.
 F = Levels seen in this place.
 G = Mean time per level.
                   A        B        C        D        E       F      G
               +--------+--------+--------+--------+--------+-----+--------+
         Total |   1410 |   1387 |     23 |      0 |   1200 |   3 |  470.0 |
       Dungeon |   1410 |   1387 |     23 |      0 |   1200 |   3 |  470.0 |
               +--------+--------+--------+--------+--------+-----+--------+

Top non-repeatable levels by time:
     D:1: 1141 daAuts
     D:2: 265 daAuts
     D:3: 3 daAuts
